 Dungeon Crawl Stone Soup version 0.21.0-37-g46506fa5f3 (webtiles) character file.

53 Jerry the Grave Robber (level 3, 24/25 (26) HPs)
             Began as a Ghoul Necromancer on Jan 31, 2018.
             Quit the game on level 2 of the Dungeon.
             The game lasted 00:07:10 (1196 turns).

Jerry the Grave Robber (Ghoul Necromancer)          Turns: 1196, Time: 00:07:11

HP:   24/25 (26)    AC:  4    Str: 11    XL:     3   Next: 87%
MP:   5/5           EV: 12    Int: 11    God:
Gold: 64            SH:  0    Dex:  9    Spells: 4/6 levels left

rFire    . . .     SeeInvis .   n - +0 spear (freeze)
rCold    + . .     Gourm    .   (no shield)
rNeg     + + +     Faith    .   a - +0 robe
rPois    ∞         Spirit   .   k - +2 hat
rElec    .         Reflect  .   (no cloak)
rCorr    .         Harm     .   (no gloves)
MR       .....                  (no boots)
Stlth    +.........             (no amulet)
HPRegen  0.08/turn              p - ring of loudness (curse)
MPRegen  0.09/turn              (no ring)

@: rotting
A: rotting body, claws 1, carnivore, cold resistance 1, negative energy
resistance 3, inhibited regeneration, torment resistance, unbreathing
a: no special abilities


You were on level 2 of the Dungeon.
You were not hungry.

You visited 1 branch of the dungeon, and saw 2 of its levels.

You collected 64 gold pieces.

Inventory:

Hand Weapons
 e - a +0 whip
 n - a +0 spear of freezing (weapon)
Armour
 a - a +0 robe (worn)
 k - a +2 hat (worn)
Jewellery
 p - a cursed ring of loudness (left claw)
Wands
 o - a wand of enslavement (16)
Scrolls
 i - a scroll of magic mapping {unknown}
 j - 2 scrolls of remove curse {unknown}
 l - a scroll of teleportation {unknown}
 q - a scroll of fog {unknown}
Potions
 d - a potion of curing {unknown}
 g - a potion of haste {unknown}
 h - a potion of might {unknown}
 m - a potion of ambrosia {unknown}
 r - a potion of lignification {unknown}
Books
 b - a book of Necromancy

   Spells                             Type                      Level
   a - Pain                           Necromancy                   1
   b - Animate Skeleton               Necromancy                   1
   c - Vampiric Draining              Necromancy                   3
   d - Regeneration                   Charms/Necromancy            3
   e - Animate Dead                   Necromancy                   4
   f - Borgnjor's Vile Clutch         Necromancy/Earth             5
Comestibles
 c - 3 rations


   Skills:
 + Level 2.2 Dodging
 + Level 2.8 Stealth
 + Level 2.2 Spellcasting
 * Level 4.5 Necromancy


You had 4 spell levels left.
You knew the following spells:

 Your Spells              Type           Power        Failure   Level  Hunger
a - Pain                  Necr           ##..         4%          1    ##.....
b - Animate Skeleton      Necr           N/A          4%          1    ##.....


Dungeon Overview and Level Annotations

Branches:
Dungeon (2/15)

Altars:


Innate Abilities, Weirdness & Mutations

Your body is rotting away.
You thrive on raw meat.
You are immune to poison.
You have sharp fingernails.
You are carnivorous and can eat meat at any time.
Your flesh is cold resistant. (rC+)
You are immune to negative energy. (rN+++)
You do not regenerate when monsters are visible.
You are immune to unholy pain and torment.
You can survive without breathing.


Message History

Eat one of 4 chunks of flesh? (ye/n/q)
You eat one of the 4 chunks of flesh.
This raw flesh tastes great!
The hobgoblin shouts!
Attack whom?
Press: ? - help, Dir - move target cursor, f - hobgoblin
Aim: a hobgoblin You reach to attack!
You hit the hobgoblin. You freeze the hobgoblin.
You kill the hobgoblin!
No target in view!
q - a scroll labeled DOASCH OS ZUP;
r - a black potion A gnoll comes into view.
It is wielding a spear.
The gnoll shouts!
You hear a shout!
A gnoll comes into view. It is wielding a whip.
A leopard gecko and a gnoll come into view.
The gnoll shouts!
The leopard gecko hisses angrily.
Okay, then.
You feel your flesh rotting away.
All of the chunks of flesh in your inventory have rotted away.
You see here a short sword.
Are you sure you want to abandon this character and quit the game? (Confirm with "yes".)

#..........# ######
#..........# #....#
#....g.....# #.##.#
#.....g....# #.##.#
#........gl# #.##.#
#.........)# #.##.#
#..........# #.##.#
###........).####.##.#
.........#......@..##.#
#####################.#
#.# #.# #.# #.# #<# ###


There were no monsters in sight!

Vanquished Creatures
  An adder (D:2)
  3 dart slugs (D:1)
  3 leopard geckos (D:1)
  2 goblins
  3 hobgoblins
  5 bats (D:1)
  2 frilled lizards (D:1)
  9 kobolds
  3 rats (D:1)
31 creatures vanquished.

Vanquished Creatures (collateral kills)
  An ooze (D:1)
  A dart slug (D:1)
  A frilled lizard (D:1)
  2 rats (D:1)
5 creatures vanquished.

Grand Total: 36 creatures vanquished

Notes
Turn   | Place    | Note
-------+----------+-------------------------------------------
     0 | D:1      | Jerry the Ghoul Necromancer began the quest for the Orb.
     0 | D:1      | Reached XP level 1. HP: 14/14 MP: 2/2
     0 | D:1      | Noticed a minotaur zombie
     0 | D:1      | Noticed a naga
     2 | D:1      | Noticed a minotaur skeleton
     4 | D:1      | Noticed a human
    15 | D:1      | Noticed a vampire
    21 | D:1      | Noticed a troll
   392 | D:1      | Reached XP level 2. HP: 16/19 MP: 1/3
   395 | D:1      | Learned a level 1 spell: Animate Skeleton
   638 | D:1      | Reached XP level 3. HP: 20/26 MP: 2/5
  1196 | D:2      | Quit the game

Skill      XL: |  1  2 |
---------------+-------+-----
Dodging        | 2 |  2.2
Spellcasting   | 2 |  2.2
Stealth        | |  2.8
Necromancy     | |  4.5

Action                   || total
-------------------------++-------
Melee: Unarmed           ||    33
       Whip              ||    32
       Spear             ||    14
 Cast: Pain              ||    27
       Animate Skeleton  ||     9
 Stab: Sleeping          ||     3
  Eat: Chunk             ||    17
Armor: Robe              ||    61
Dodge: Dodged            ||   125
